[ AOE2 MATCH · #472141135 ]
UnrankedGurjaras vs Celts
[ REPLAY ANALYSIS · EXTRACTED FROM THE RECORDED GAME ]
Feudal
12:54
Castle
16:43
Imperial
—
| APM avg | 65.3 |
| APM peak | 110 |
| eAPM avg | 35.1 |
| Villagers / military | 120 / 34 |
Focus
⚔️ 20.6% · 🌾 79.4%
Fishing Ship ×10 · Shrivamsha Rider ×10 · Camel Scout ×8 · Chakram Thrower ×6 · Mangonel ×5 · Scout Cavalry ×3
Feudal
13:00
Castle
18:09
Imperial
36:47
| APM avg | 41.4 |
| APM peak | 76 |
| eAPM avg | 19.7 |
| Villagers / military | 84 / 28 |
Focus
⚔️ 27.5% · 🌾 72.5%
Woad Raider ×14 · Fishing Ship ×6 · Militia ×4 · Spearman ×4 · Mangonel ×2 · Trebuchet (Packed) ×2
Feudal
14:00
Castle
18:20
Imperial
36:20
| APM avg | 55.5 |
| APM peak | 90 |
| eAPM avg | 29.2 |
| Villagers / military | 146 / 92 |
Focus
⚔️ 33.6% · 🌾 66.4%
Longbowman ×74 · Fishing Ship ×18 · Battering Ram ×9 · Monk ×4 · Spearman ×3 · Trebuchet (Packed) ×2
Feudal
14:05
Castle
17:55
Imperial
—
| APM avg | 37.3 |
| APM peak | 98 |
| eAPM avg | 21.8 |
| Villagers / military | 95 / 24 |
Focus
⚔️ 28.6% · 🌾 71.4%
Skirmisher ×15 · Fishing Ship ×10 · Militia ×3 · Mangonel ×3 · Battering Ram ×3 · Unknown (2626) ×1
Feudal
11:48
Castle
21:11
Imperial
—
| APM avg | 48.7 |
| APM peak | 88 |
| eAPM avg | 25.0 |
| Villagers / military | 161 / 19 |
Focus
⚔️ 34.9% · 🌾 65.1%
Teutonic Knight ×13 · Unknown (2626) ×12 · Fishing Ship ×11 · Galley ×2 · Mangonel ×2 · Battering Ram ×2
Feudal
14:16
Castle
18:16
Imperial
35:33
| APM avg | 51.6 |
| APM peak | 80 |
| eAPM avg | 40.4 |
| Villagers / military | 218 / 22 |
Focus
⚔️ 39.6% · 🌾 60.4%
Fishing Ship ×30 · Unknown (2626) ×22 · Leitis ×15 · Mangonel ×3 · Monk ×2 · Transport Ship ×1
Feudal
14:11
Castle
17:49
Imperial
32:08
| APM avg | 48.1 |
| APM peak | 83 |
| eAPM avg | 29.5 |
| Villagers / military | 183 / 64 |
Focus
⚔️ 28.1% · 🌾 71.9%
Spearman ×49 · Fishing Ship ×28 · Trebuchet (Packed) ×9 · Monk ×2 · Mangonel ×2 · Battering Ram ×2
Feudal
13:05
Castle
18:17
Imperial
—
| APM avg | 37.0 |
| APM peak | 88 |
| eAPM avg | 19.7 |
| Villagers / military | 84 / 8 |
Focus
⚔️ 25.4% · 🌾 74.6%
Fishing Ship ×13 · Camel Scout ×3 · Monk ×2 · Galley ×1 · Mangonel ×1 · Spearman ×1
Match map
Initial resources + every placement click. Lines = walls · curves = elevation contours. ◆ gold · ⬟ stone · ● berries · ✦ relic · ◌ wall gap
Your base· Open — 6t gap
TheFaceless23's base· Open — unwalled flank
FalconElPardal's base· Open — unwalled flank
Vico's base· Open — unwalled flank
Hui's base· Open — unwalled flank
TAG_Sitaux's base· Open — 3t gap
uniods's base· Open — 4t gap
MoJRiM's base· Open — 7t gap
Smoothed initial terrain · ◌ = detected wall gap · hover for details
Inputs per minute
— 虎蹲压制大脑喷气代替思考敌人不倒我倒 - - TheFaceless23
Build order — 虎蹲压制大脑喷气代替思考敌人不倒我倒
First 150 of 274 actions detected
| 0:16 | Build | Town Center |
| 1:07 | Build | Dock |
| 1:10 | Build | House |
| 2:42 | Queue | Villager (Male) |
| 2:42 | Queue | Villager (Male) |
| 2:42 | Queue | Villager (Male) |
| 2:43 | Queue | Villager (Male) |
| 2:43 | Queue | Villager (Male) |
| 3:50 | Queue | Fishing Ship |
| 3:50 | Queue | Fishing Ship |
| 4:15 | Queue | Villager (Male) |
| 4:16 | Queue | Villager (Male) |
| 4:19 | Build | House |
| 4:52 | Queue | Villager (Male) |
| 4:52 | Queue | Villager (Male) |
| 5:16 | Queue | Villager (Male) |
| 5:16 | Queue | Villager (Male) |
| 5:24 | Queue | Fishing Ship |
| 5:24 | Queue | Fishing Ship |
| 5:40 | Queue | Villager (Male) |
| 5:54 | Build | House |
| 5:58 | Queue | Villager (Male) |
| 5:58 | Queue | Villager (Male) |
| 6:24 | Queue | Villager (Male) |
| 6:24 | Queue | Villager (Male) |
| 6:24 | Queue | Villager (Male) |
| 6:40 | Queue | Fishing Ship |
| 6:40 | Queue | Fishing Ship |
| 6:50 | Queue | Villager (Male) |
| 6:51 | Queue | Villager (Male) |
| 7:10 | Build | House |
| 7:13 | Queue | Villager (Male) |
| 7:26 | Queue | Villager (Male) |
| 7:30 | Queue | Fishing Ship |
| 7:51 | Queue | Villager (Male) |
| 7:59 | Build | House |
| 8:06 | Queue | Villager (Male) |
| 8:10 | Queue | Fishing Ship |
| 8:18 | Build | House |
| 8:26 | Build | House |
| 8:29 | Queue | Villager (Male) |
| 8:43 | Queue | Villager (Male) |
| 9:06 | Queue | Villager (Male) |
| 9:15 | Build | House |
| 9:19 | Queue | Villager (Male) |
| 9:29 | Research | Loom |
| 9:41 | Queue | Fishing Ship |
| 9:59 | Build | House |
| 10:14 | Build | Mining Camp |
| 10:23 | Queue | Fishing Ship |
| 10:44 | Research | Feudal Age |
| 10:44 | Research | Feudal Age |
| 11:17 | Build | Barracks |
| 11:41 | Build | House |
| 12:26 | Queue | Villager (Male) |
| 12:26 | Queue | Villager (Male) |
| 12:54 | Age | Feudal Age |
| 12:56 | Build | Stable |
| 12:59 | Build | Blacksmith |
| 13:46 | Build | Lumber Camp |
| 14:03 | Research | Castle Age |
| 14:03 | Research | Castle Age |
| 14:14 | Build | Mill |
| 14:27 | Queue | Unit 2626 |
| 14:36 | Queue | Scout Cavalry |
| 15:11 | Queue | Scout Cavalry |
| 15:34 | Queue | Scout Cavalry |
| 15:50 | Queue | Unit 2626 |
| 16:02 | Build | Dock |
| 16:36 | Queue | Villager (Male) |
| 16:43 | Age | Castle Age |
| 16:57 | Queue | Villager (Male) |
| 17:06 | Queue | Shrivamsha Rider |
| 17:12 | Build | Siege Workshop |
| 17:34 | Queue | Shrivamsha Rider |
| 17:44 | Build | House |
| 17:58 | Queue | Armored Elephant |
| 18:04 | Queue | Villager (Male) |
| 18:05 | Queue | Villager (Male) |
| 18:17 | Queue | Shrivamsha Rider |
| 18:29 | Build | House |
| 18:35 | Queue | Mangonel |
| 18:35 | Queue | Mangonel |
| 18:48 | Queue | Shrivamsha Rider |
| 19:07 | Queue | Shrivamsha Rider |
| 19:14 | Queue | Villager (Male) |
| 19:50 | Queue | Camel Scout |
| 19:51 | Queue | Camel Scout |
| 19:53 | Build | Monastery |
| 20:12 | Queue | Villager (Male) |
| 20:23 | Queue | Camel Scout |
| 20:27 | Queue | Mangonel |
| 20:28 | Queue | Villager (Male) |
| 21:16 | Queue | Camel Scout |
| 21:32 | Queue | Camel Scout |
| 21:41 | Queue | Villager (Male) |
| 21:45 | Build | Town Center |
| 21:53 | Queue | Camel Scout |
| 22:25 | Queue | Camel Scout |
| 22:31 | Queue | Shrivamsha Rider |
| 22:49 | Queue | Villager (Male) |
| 23:18 | Queue | Villager (Male) |
| 23:19 | Queue | Villager (Male) |
| 23:29 | Build | Town Center |
| 23:41 | Queue | Villager (Male) |
| 23:56 | Queue | Villager (Male) |
| 24:19 | Queue | Villager (Male) |
| 24:21 | Build | Farm |
| 24:22 | Build | Farm |
| 24:50 | Build | Farm |
| 24:52 | Build | Farm |
| 25:09 | Queue | Villager (Male) |
| 25:10 | Build | Farm |
| 25:11 | Build | Farm |
| 25:12 | Build | Farm |
| 25:14 | Build | Farm |
| 25:15 | Build | Farm |
| 25:18 | Queue | Villager (Male) |
| 25:18 | Queue | Villager (Male) |
| 25:37 | Queue | Villager (Male) |
| 25:37 | Queue | Villager (Male) |
| 25:38 | Queue | Monk |
| 25:43 | Queue | Mangonel |
| 25:53 | Queue | Villager (Male) |
| 25:54 | Queue | Villager (Male) |
| 25:59 | Build | Farm |
| 26:18 | Queue | Camel Scout |
| 26:22 | Queue | Villager (Male) |
| 26:26 | Build | Farm |
| 26:28 | Build | Farm |
| 26:30 | Build | Farm |
| 26:54 | Research | Wheelbarrow |
| 26:54 | Research | Wheelbarrow |
| 27:22 | Build | Lumber Camp |
| 27:32 | Research | Horse Collar |
| 27:32 | Research | Horse Collar |
| 27:33 | Queue | Villager (Male) |
| 27:33 | Queue | Villager (Male) |
| 27:33 | Queue | Villager (Male) |
| 27:34 | Queue | Villager (Male) |
| 27:36 | Queue | Villager (Male) |
| 27:36 | Queue | Villager (Male) |
| 27:58 | Queue | Villager (Male) |
| 27:58 | Queue | Villager (Male) |
| 27:58 | Queue | Villager (Male) |
| 28:05 | Queue | Villager (Male) |
| 28:12 | Queue | Villager (Male) |
| 28:40 | Queue | Villager (Male) |
| 28:40 | Queue | Villager (Male) |
| 28:46 | Build | Mining Camp |
Build order — TheFaceless23
First 150 of 221 actions detected
| 0:48 | Build | Dock |
| 0:52 | Build | Palisade Wall |
| 0:55 | Build | House |
| 1:06 | Build | Palisade Wall |
| 1:08 | Build | Palisade Wall |
| 1:30 | Build | Town Center |
| 3:32 | Queue | Villager (Male) |
| 3:32 | Queue | Villager (Male) |
| 3:32 | Queue | Villager (Male) |
| 3:33 | Queue | Villager (Male) |
| 3:33 | Queue | Villager (Male) |
| 4:20 | Queue | Villager (Male) |
| 4:35 | Queue | Fishing Ship |
| 5:03 | Build | House |
| 5:26 | Queue | Fishing Ship |
| 5:40 | Research | Loom |
| 5:57 | Queue | Villager (Male) |
| 6:27 | Queue | Villager (Male) |
| 6:36 | Build | House |
| 6:38 | Build | House |
| 6:42 | Build | House |
| 6:48 | Queue | Villager (Male) |
| 7:00 | Queue | Fishing Ship |
| 7:25 | Queue | Villager (Male) |
| 7:44 | Build | House |
| 7:57 | Queue | Villager (Male) |
| 7:58 | Queue | Fishing Ship |
| 8:04 | Queue | Villager (Male) |
| 8:12 | Build | House |
| 8:19 | Build | House |
| 8:36 | Queue | Fishing Ship |
| 9:02 | Queue | Villager (Male) |
| 9:05 | Queue | Villager (Male) |
| 9:16 | Queue | Fishing Ship |
| 9:52 | Queue | Villager (Male) |
| 10:07 | Build | Lumber Camp |
| 10:10 | Queue | Villager (Male) |
| 10:47 | Queue | Villager (Male) |
| 10:50 | Research | Feudal Age |
| 10:54 | Build | Mining Camp |
| 11:25 | Build | Mill |
| 11:40 | Build | Outpost |
| 11:58 | Build | Outpost |
| 12:02 | Queue | Villager (Male) |
| 12:43 | Queue | Villager (Male) |
| 12:46 | Queue | Villager (Male) |
| 13:00 | Age | Feudal Age |
| 13:31 | Build | Blacksmith |
| 14:24 | Build | House |
| 14:27 | Build | Market |
| 14:38 | Queue | Villager (Male) |
| 14:39 | Queue | Villager (Male) |
| 15:29 | Research | Castle Age |
| 16:23 | Research | Double-Bit Axe |
| 16:32 | Build | Barracks |
| 16:38 | Build | Farm |
| 16:38 | Build | Farm |
| 16:39 | Build | Farm |
| 16:39 | Build | Farm |
| 16:39 | Build | Farm |
| 16:48 | Build | Farm |
| 16:59 | Queue | Villager (Male) |
| 17:42 | Build | Barracks |
| 17:59 | Queue | Villager (Male) |
| 18:09 | Age | Castle Age |
| 18:10 | Build | Mill |
| 18:36 | Research | Man-at-Arms (upgrade) |
| 18:36 | Queue | Militia |
| 18:45 | Build | Siege Workshop |
| 19:01 | Queue | Militia |
| 19:07 | Queue | Villager (Male) |
| 19:09 | Queue | Villager (Male) |
| 19:12 | Build | Farm |
| 19:16 | Build | Farm |
| 19:34 | Queue | Mangonel |
| 19:48 | Queue | Villager (Male) |
| 20:10 | Queue | Battering Ram |
| 20:25 | Queue | Villager (Male) |
| 20:28 | Queue | Militia |
| 20:37 | Queue | Villager (Male) |
| 20:50 | Queue | Militia |
| 20:55 | Build | House |
| 20:58 | Build | House |
| 21:00 | Build | House |
| 21:01 | Build | House |
| 21:15 | Queue | Mangonel |
| 21:21 | Queue | Spearman |
| 21:21 | Queue | Spearman |
| 21:36 | Queue | Spearman |
| 21:42 | Build | Farm |
| 21:44 | Queue | Villager (Male) |
| 22:06 | Queue | Villager (Male) |
| 22:08 | Queue | Villager (Male) |
| 22:11 | Build | Farm |
| 22:11 | Build | Farm |
| 22:11 | Build | Farm |
| 22:11 | Build | Farm |
| 22:18 | Queue | Villager (Male) |
| 22:40 | Build | Outpost |
| 22:53 | Build | Monastery |
| 23:03 | Queue | Villager (Male) |
| 23:06 | Queue | Villager (Male) |
| 23:36 | Queue | Monk |
| 23:37 | Queue | Villager (Male) |
| 23:43 | Build | Farm |
| 23:45 | Build | Farm |
| 23:47 | Build | Farm |
| 23:54 | Queue | Spearman |
| 24:00 | Queue | Villager (Male) |
| 24:04 | Build | Farm |
| 24:20 | Build | House |
| 24:20 | Build | House |
| 24:21 | Build | House |
| 24:21 | Build | House |
| 24:33 | Queue | Villager (Male) |
| 25:17 | Queue | Villager (Male) |
| 25:19 | Build | Farm |
| 25:20 | Build | Farm |
| 25:22 | Queue | Villager (Male) |
| 25:30 | Queue | Villager (Male) |
| 25:46 | Build | Farm |
| 25:54 | Build | Town Center |
| 25:57 | Queue | Villager (Male) |
| 26:01 | Queue | Villager (Male) |
| 26:14 | Queue | Villager (Male) |
| 26:31 | Queue | Villager (Male) |
| 26:32 | Queue | Villager (Male) |
| 26:37 | Queue | Villager (Male) |
| 26:45 | Research | Horse Collar |
| 26:56 | Queue | Villager (Male) |
| 27:08 | Queue | Villager (Male) |
| 27:12 | Build | Farm |
| 27:16 | Build | Farm |
| 27:17 | Queue | Villager (Male) |
| 27:51 | Queue | Villager (Male) |
| 27:56 | Queue | Villager (Male) |
| 28:05 | Queue | Villager (Male) |
| 28:22 | Build | Castle |
| 28:26 | Queue | Villager (Male) |
| 28:29 | Queue | Villager (Male) |
| 28:39 | Research | Town Watch |
| 28:44 | Build | Farm |
| 28:47 | Build | Farm |
| 28:48 | Queue | Villager (Male) |
| 28:53 | Build | Lumber Camp |
| 29:01 | Queue | Villager (Male) |
| 29:09 | Queue | Villager (Male) |
| 29:16 | Queue | Villager (Male) |
| 29:19 | Build | Farm |
| 29:21 | Build | Farm |
Build order — FalconElPardal
First 150 of 403 actions detected
| 0:31 | Build | Town Center |
| 1:07 | Build | Dock |
| 1:47 | Build | House |
| 2:39 | Queue | Villager (Male) |
| 2:40 | Queue | Villager (Male) |
| 2:40 | Queue | Villager (Male) |
| 2:40 | Queue | Villager (Male) |
| 4:04 | Queue | Fishing Ship |
| 4:05 | Queue | Fishing Ship |
| 4:05 | Queue | Fishing Ship |
| 4:08 | Queue | Villager (Male) |
| 4:08 | Queue | Villager (Male) |
| 4:40 | Queue | Villager (Male) |
| 4:41 | Queue | Villager (Male) |
| 4:56 | Build | House |
| 5:07 | Research | Loom |
| 5:28 | Queue | Villager (Male) |
| 5:28 | Queue | Villager (Male) |
| 5:28 | Queue | Villager (Male) |
| 5:48 | Queue | Fishing Ship |
| 5:48 | Queue | Fishing Ship |
| 6:08 | Build | House |
| 6:11 | Queue | Villager (Male) |
| 6:11 | Queue | Villager (Male) |
| 6:35 | Queue | Villager (Male) |
| 6:35 | Queue | Villager (Male) |
| 6:43 | Queue | Fishing Ship |
| 6:43 | Queue | Fishing Ship |
| 6:56 | Queue | Villager (Male) |
| 6:57 | Queue | Villager (Male) |
| 7:14 | Build | House |
| 7:20 | Queue | Villager (Male) |
| 7:21 | Queue | Villager (Male) |
| 7:21 | Queue | Villager (Male) |
| 7:33 | Queue | Fishing Ship |
| 7:33 | Queue | Fishing Ship |
| 7:53 | Queue | Villager (Male) |
| 7:54 | Queue | Villager (Male) |
| 7:54 | Queue | Villager (Male) |
| 8:12 | Queue | Villager (Male) |
| 8:12 | Queue | Villager (Male) |
| 8:14 | Queue | Fishing Ship |
| 8:35 | Queue | Fishing Ship |
| 8:35 | Queue | Fishing Ship |
| 9:01 | Queue | Villager (Male) |
| 9:11 | Build | House |
| 9:19 | Queue | Fishing Ship |
| 9:21 | Queue | Villager (Male) |
| 9:25 | Build | House |
| 9:41 | Queue | Fishing Ship |
| 9:47 | Build | House |
| 9:49 | Queue | Villager (Male) |
| 10:18 | Queue | Villager (Male) |
| 10:39 | Build | Mill |
| 10:43 | Queue | Villager (Male) |
| 10:46 | Queue | Fishing Ship |
| 11:13 | Queue | Villager (Male) |
| 11:28 | Queue | Fishing Ship |
| 11:46 | Research | Feudal Age |
| 11:49 | Build | Palisade Wall |
| 11:50 | Build | Palisade Wall |
| 11:54 | Build | Palisade Wall |
| 12:40 | Queue | Villager (Male) |
| 13:03 | Build | Mining Camp |
| 13:17 | Build | House |
| 13:20 | Build | Palisade Wall |
| 14:00 | Age | Feudal Age |
| 14:04 | Build | Market |
| 14:09 | Build | Market |
| 14:14 | Queue | Villager (Male) |
| 14:28 | Queue | Villager (Male) |
| 14:56 | Queue | Villager (Male) |
| 15:11 | Build | Blacksmith |
| 15:15 | Build | Outpost |
| 15:37 | Research | Castle Age |
| 15:40 | Build | Lumber Camp |
| 15:58 | Build | Outpost |
| 16:02 | Build | House |
| 16:07 | Research | Double-Bit Axe |
| 16:11 | Queue | Villager (Male) |
| 16:37 | Build | Dock |
| 16:47 | Build | Palisade Wall |
| 16:50 | Build | Palisade Wall |
| 17:06 | Queue | Fishing Ship |
| 17:15 | Queue | Fishing Ship |
| 18:20 | Age | Castle Age |
| 18:23 | Build | Castle |
| 18:25 | Research | Bow Saw |
| 18:37 | Build | Town Center |
| 18:42 | Build | Town Center |
| 18:48 | Queue | Villager (Male) |
| 18:51 | Queue | Villager (Male) |
| 19:06 | Queue | Longbowman |
| 19:09 | Queue | Longbowman |
| 19:20 | Queue | Villager (Male) |
| 19:37 | Build | Lumber Camp |
| 19:41 | Queue | Villager (Male) |
| 19:52 | Queue | Longbowman |
| 19:53 | Queue | Longbowman |
| 19:53 | Queue | Longbowman |
| 19:56 | Research | Fletching |
| 20:10 | Queue | Longbowman |
| 20:12 | Queue | Villager (Male) |
| 20:14 | Queue | Villager (Male) |
| 20:21 | Queue | Longbowman |
| 20:21 | Queue | Longbowman |
| 20:24 | Queue | Villager (Male) |
| 20:39 | Research | Padded Archer Armor |
| 20:39 | Research | Padded Archer Armor |
| 20:40 | Queue | Longbowman |
| 20:44 | Research | Horse Collar |
| 20:45 | Research | Horse Collar |
| 20:45 | Research | Horse Collar |
| 20:45 | Queue | Villager (Male) |
| 20:46 | Queue | Villager (Male) |
| 20:47 | Queue | Villager (Male) |
| 20:55 | Queue | Longbowman |
| 20:56 | Queue | Villager (Male) |
| 21:14 | Queue | Villager (Male) |
| 21:15 | Build | Farm |
| 21:16 | Build | Farm |
| 21:16 | Build | Farm |
| 21:23 | Queue | Longbowman |
| 21:35 | Research | Bodkin Arrow |
| 21:36 | Research | Bodkin Arrow |
| 21:41 | Queue | Villager (Male) |
| 21:43 | Build | Farm |
| 21:48 | Queue | Longbowman |
| 21:48 | Queue | Longbowman |
| 21:51 | Build | Stone Wall |
| 22:00 | Build | Farm |
| 22:02 | Build | Farm |
| 22:03 | Build | Farm |
| 22:04 | Queue | Villager (Male) |
| 22:04 | Queue | Villager (Male) |
| 22:06 | Queue | Longbowman |
| 22:06 | Queue | Longbowman |
| 22:13 | Queue | Longbowman |
| 22:14 | Queue | Longbowman |
| 22:16 | Queue | Villager (Male) |
| 22:24 | Queue | Villager (Male) |
| 22:24 | Queue | Villager (Male) |
| 22:28 | Build | Farm |
| 22:32 | Queue | Longbowman |
| 22:33 | Queue | Longbowman |
| 22:53 | Queue | Longbowman |
| 22:56 | Queue | Villager (Male) |
| 22:56 | Queue | Villager (Male) |
| 23:12 | Research | Wheelbarrow |
| 23:13 | Queue | Villager (Male) |
Build order — Vico
First 150 of 263 actions detected
| 0:18 | Build | Town Center |
| 1:31 | Build | Dock |
| 1:35 | Build | House |
| 2:35 | Queue | Villager (Male) |
| 2:35 | Queue | Villager (Male) |
| 2:36 | Queue | Villager (Male) |
| 2:36 | Queue | Villager (Male) |
| 2:42 | Research | Loom |
| 2:43 | Queue | Villager (Male) |
| 2:43 | Queue | Villager (Male) |
| 2:44 | Queue | Villager (Male) |
| 4:16 | Queue | Fishing Ship |
| 4:24 | Queue | Villager (Male) |
| 4:54 | Queue | Villager (Male) |
| 4:54 | Queue | Villager (Male) |
| 5:07 | Build | House |
| 5:21 | Queue | Villager (Male) |
| 5:21 | Queue | Villager (Male) |
| 5:43 | Queue | Villager (Male) |
| 5:43 | Queue | Villager (Male) |
| 6:01 | Queue | Villager (Male) |
| 6:16 | Queue | Villager (Male) |
| 6:17 | Queue | Villager (Male) |
| 6:20 | Build | House |
| 6:47 | Queue | Villager (Male) |
| 6:48 | Queue | Fishing Ship |
| 6:56 | Queue | Villager (Male) |
| 7:26 | Build | House |
| 7:35 | Queue | Fishing Ship |
| 7:38 | Queue | Villager (Male) |
| 7:38 | Queue | Villager (Male) |
| 8:03 | Queue | Villager (Male) |
| 8:12 | Queue | Fishing Ship |
| 8:35 | Queue | Fishing Ship |
| 8:52 | Queue | Villager (Male) |
| 9:10 | Build | House |
| 9:15 | Queue | Fishing Ship |
| 9:28 | Queue | Villager (Male) |
| 9:53 | Build | Palisade Gate |
| 10:00 | Queue | Villager (Male) |
| 10:04 | Build | House |
| 10:11 | Queue | Fishing Ship |
| 10:27 | Build | Dock |
| 10:30 | Queue | Villager (Male) |
| 10:37 | Build | Palisade Wall |
| 10:38 | Build | Palisade Wall |
| 10:39 | Build | Palisade Wall |
| 10:43 | Queue | Villager (Male) |
| 11:05 | Queue | Fishing Ship |
| 11:11 | Build | House |
| 11:19 | Queue | Villager (Male) |
| 11:24 | Queue | Fishing Ship |
| 11:43 | Build | Lumber Camp |
| 11:55 | Research | Feudal Age |
| 11:55 | Research | Feudal Age |
| 12:11 | Build | Lumber Camp |
| 12:15 | Build | Mill |
| 12:38 | Queue | Fishing Ship |
| 13:05 | Build | House |
| 13:11 | Queue | Villager (Male) |
| 13:27 | Build | Mining Camp |
| 14:05 | Age | Feudal Age |
| 14:06 | Build | Market |
| 14:10 | Build | Blacksmith |
| 14:24 | Queue | Villager (Male) |
| 14:41 | Build | Palisade Wall |
| 14:47 | Build | Palisade Wall |
| 15:15 | Research | Castle Age |
| 15:15 | Research | Castle Age |
| 16:02 | Build | House |
| 16:17 | Queue | Unit 2626 |
| 16:21 | Build | Palisade Wall |
| 16:27 | Build | Palisade Wall |
| 17:14 | Build | Outpost |
| 17:18 | Research | Town Watch |
| 17:55 | Age | Castle Age |
| 17:56 | Build | Siege Workshop |
| 18:01 | Research | Gold Mining |
| 18:01 | Research | Double-Bit Axe |
| 18:01 | Research | Double-Bit Axe |
| 18:05 | Queue | Villager (Male) |
| 18:08 | Build | Town Center |
| 18:14 | Build | Outpost |
| 18:17 | Queue | Mangonel |
| 18:48 | Build | Outpost |
| 18:53 | Build | Barracks |
| 18:53 | Queue | Villager (Male) |
| 19:17 | Queue | Villager (Male) |
| 19:28 | Queue | Villager (Male) |
| 19:28 | Queue | Villager (Male) |
| 19:30 | Queue | Villager (Male) |
| 19:32 | Queue | Villager (Male) |
| 19:41 | Queue | Mangonel |
| 20:01 | Queue | Villager (Male) |
| 20:15 | Queue | Villager (Male) |
| 20:22 | Build | Archery Range |
| 20:26 | Queue | Villager (Male) |
| 20:44 | Queue | Villager (Male) |
| 20:51 | Queue | Villager (Male) |
| 20:58 | Queue | Villager (Male) |
| 21:00 | Queue | Villager (Male) |
| 21:03 | Queue | Skirmisher |
| 21:05 | Build | Archery Range |
| 21:08 | Queue | Battering Ram |
| 21:08 | Queue | Battering Ram |
| 21:09 | Queue | Villager (Male) |
| 21:30 | Build | House |
| 21:35 | Build | House |
| 21:40 | Queue | Villager (Male) |
| 21:48 | Queue | Battering Ram |
| 21:50 | Queue | Skirmisher |
| 21:54 | Research | Padded Archer Armor |
| 21:54 | Research | Fletching |
| 22:03 | Queue | Villager (Male) |
| 22:22 | Queue | Skirmisher |
| 22:41 | Queue | Skirmisher |
| 22:44 | Research | Elite Skirmisher (upgrade) |
| 22:56 | Queue | Villager (Male) |
| 22:56 | Queue | Villager (Male) |
| 23:12 | Build | House |
| 23:16 | Queue | Villager (Male) |
| 23:29 | Build | House |
| 23:40 | Research | Leather Archer Armor |
| 23:43 | Build | House |
| 23:53 | Build | Lumber Camp |
| 23:57 | Queue | Skirmisher |
| 24:03 | Research | Fletching |
| 24:04 | Queue | Villager (Male) |
| 24:05 | Queue | Villager (Male) |
| 24:13 | Queue | Skirmisher |
| 24:21 | Build | Lumber Camp |
| 24:24 | Queue | Skirmisher |
| 24:41 | Queue | Villager (Male) |
| 24:42 | Queue | Villager (Male) |
| 24:52 | Build | Lumber Camp |
| 24:56 | Queue | Skirmisher |
| 25:24 | Queue | Skirmisher |
| 25:24 | Queue | Skirmisher |
| 25:37 | Queue | Mangonel |
| 25:40 | Queue | Skirmisher |
| 26:00 | Build | Lumber Camp |
| 26:01 | Queue | Villager (Male) |
| 26:02 | Queue | Villager (Male) |
| 26:18 | Research | Bodkin Arrow |
| 26:38 | Build | Lumber Camp |
| 27:19 | Queue | Skirmisher |
| 27:19 | Queue | Villager (Male) |
| 27:26 | Build | Mining Camp |
| 27:37 | Build | Mill |
| 27:38 | Build | Farm |
Build order — Hui
First 150 of 347 actions detected
| 0:08 | Build | Town Center |
| 0:42 | Build | Dock |
| 0:44 | Build | House |
| 0:54 | Build | House |
| 2:26 | Queue | Villager (Male) |
| 2:26 | Queue | Villager (Male) |
| 2:26 | Queue | Villager (Male) |
| 2:27 | Queue | Villager (Male) |
| 2:27 | Queue | Villager (Male) |
| 2:27 | Queue | Villager (Male) |
| 3:26 | Queue | Fishing Ship |
| 3:26 | Queue | Fishing Ship |
| 3:47 | Queue | Villager (Male) |
| 3:47 | Queue | Villager (Male) |
| 4:10 | Build | House |
| 4:31 | Queue | Villager (Male) |
| 4:31 | Queue | Villager (Male) |
| 4:52 | Queue | Villager (Male) |
| 4:52 | Queue | Villager (Male) |
| 5:13 | Queue | Fishing Ship |
| 5:15 | Queue | Villager (Male) |
| 5:15 | Queue | Villager (Male) |
| 5:33 | Queue | Villager (Male) |
| 5:33 | Queue | Villager (Male) |
| 5:39 | Build | House |
| 5:58 | Queue | Villager (Male) |
| 5:58 | Queue | Villager (Male) |
| 6:02 | Research | Loom |
| 6:03 | Queue | Villager (Male) |
| 6:04 | Queue | Villager (Male) |
| 6:23 | Queue | Fishing Ship |
| 6:39 | Queue | Villager (Male) |
| 6:40 | Queue | Villager (Male) |
| 6:40 | Queue | Villager (Male) |
| 6:56 | Queue | Fishing Ship |
| 7:03 | Queue | Villager (Male) |
| 7:04 | Queue | Villager (Male) |
| 7:27 | Queue | Villager (Male) |
| 7:30 | Build | House |
| 7:52 | Queue | Fishing Ship |
| 7:53 | Queue | Fishing Ship |
| 7:58 | Queue | Villager (Male) |
| 7:59 | Queue | Villager (Male) |
| 7:59 | Queue | Villager (Male) |
| 8:21 | Queue | Villager (Male) |
| 8:21 | Queue | Villager (Male) |
| 8:40 | Build | Lumber Camp |
| 9:11 | Queue | Villager (Male) |
| 9:38 | Research | Feudal Age |
| 9:39 | Research | Feudal Age |
| 10:03 | Build | Mining Camp |
| 10:10 | Queue | Fishing Ship |
| 10:18 | Build | Dock |
| 10:29 | Build | House |
| 10:36 | Queue | Villager (Male) |
| 10:59 | Build | House |
| 11:22 | Build | House |
| 11:48 | Age | Feudal Age |
| 11:53 | Queue | Unit 2626 |
| 11:56 | Queue | Galley |
| 11:56 | Queue | Galley |
| 12:00 | Research | Double-Bit Axe |
| 12:00 | Queue | Villager (Male) |
| 12:04 | Build | House |
| 12:13 | Build | House |
| 12:18 | Queue | Villager (Male) |
| 12:19 | Queue | Villager (Male) |
| 12:36 | Queue | Villager (Male) |
| 13:00 | Build | House |
| 13:17 | Queue | Villager (Male) |
| 13:23 | Queue | Unit 2626 |
| 13:23 | Queue | Unit 2626 |
| 13:33 | Build | Blacksmith |
| 13:56 | Queue | Villager (Male) |
| 14:04 | Queue | Villager (Male) |
| 14:22 | Queue | Unit 2626 |
| 14:22 | Queue | Unit 2626 |
| 14:24 | Queue | Villager (Male) |
| 14:40 | Build | Palisade Wall |
| 14:54 | Queue | Villager (Male) |
| 14:58 | Build | Mill |
| 15:21 | Queue | Villager (Male) |
| 15:45 | Queue | Villager (Male) |
| 15:47 | Queue | Fishing Ship |
| 15:47 | Queue | Fishing Ship |
| 15:47 | Queue | Fishing Ship |
| 16:05 | Build | Market |
| 16:09 | Build | Palisade Wall |
| 16:16 | Queue | Villager (Male) |
| 16:30 | Queue | Villager (Male) |
| 16:41 | Build | Outpost |
| 16:57 | Research | Town Watch |
| 17:02 | Build | Mining Camp |
| 17:10 | Build | Mining Camp |
| 17:18 | Build | Palisade Wall |
| 17:23 | Queue | Villager (Male) |
| 17:52 | Queue | Villager (Male) |
| 17:53 | Queue | Villager (Male) |
| 18:29 | Research | Castle Age |
| 18:29 | Research | Castle Age |
| 18:33 | Build | House |
| 18:34 | Build | House |
| 19:02 | Build | House |
| 19:05 | Build | House |
| 19:31 | Build | Stone Wall |
| 19:36 | Queue | Villager (Male) |
| 19:38 | Build | House |
| 19:54 | Build | Dock |
| 20:23 | Build | House |
| 20:26 | Research | Horse Collar |
| 20:47 | Queue | Unit 2626 |
| 20:47 | Queue | Unit 2626 |
| 20:47 | Queue | Unit 2626 |
| 21:11 | Age | Castle Age |
| 21:14 | Build | Stone Wall |
| 21:24 | Build | Castle |
| 21:24 | Queue | Villager (Male) |
| 21:42 | Queue | Villager (Male) |
| 21:58 | Research | Fletching |
| 22:13 | Build | House |
| 22:37 | Queue | Villager (Male) |
| 22:42 | Build | Siege Workshop |
| 22:42 | Queue | Teutonic Knight |
| 22:53 | Queue | Villager (Male) |
| 22:56 | Build | Town Center |
| 23:07 | Queue | Villager (Male) |
| 23:12 | Build | House |
| 23:14 | Queue | Mangonel |
| 23:18 | Build | Farm |
| 23:19 | Build | Farm |
| 23:21 | Build | Farm |
| 23:22 | Build | Farm |
| 23:34 | Queue | Villager (Male) |
| 23:35 | Queue | Teutonic Knight |
| 23:48 | Build | House |
| 23:59 | Queue | Villager (Male) |
| 23:59 | Queue | Villager (Male) |
| 24:11 | Queue | Villager (Male) |
| 24:23 | Queue | Teutonic Knight |
| 24:32 | Queue | Villager (Male) |
| 24:32 | Queue | Villager (Male) |
| 24:59 | Queue | Villager (Male) |
| 25:14 | Queue | Villager (Male) |
| 25:16 | Build | Farm |
| 25:17 | Build | Farm |
| 25:18 | Build | Farm |
| 25:22 | Build | Barracks |
| 25:25 | Queue | Villager (Male) |
| 25:27 | Build | Farm |
| 25:28 | Build | Farm |
Build order — TAG_Sitaux
First 150 of 451 actions detected
| 0:14 | Build | Town Center |
| 0:30 | Build | Dock |
| 0:31 | Build | House |
| 2:27 | Queue | Villager (Male) |
| 2:28 | Queue | Villager (Male) |
| 2:28 | Queue | Villager (Male) |
| 2:28 | Queue | Villager (Male) |
| 2:28 | Queue | Villager (Male) |
| 2:29 | Queue | Villager (Male) |
| 2:29 | Queue | Villager (Male) |
| 3:28 | Queue | Fishing Ship |
| 3:29 | Queue | Fishing Ship |
| 3:30 | Queue | Villager (Male) |
| 3:30 | Queue | Villager (Male) |
| 3:52 | Build | House |
| 4:26 | Queue | Fishing Ship |
| 4:26 | Queue | Fishing Ship |
| 5:10 | Queue | Fishing Ship |
| 5:17 | Queue | Villager (Male) |
| 5:17 | Queue | Villager (Male) |
| 5:31 | Build | House |
| 5:35 | Queue | Villager (Male) |
| 5:35 | Queue | Villager (Male) |
| 5:59 | Queue | Fishing Ship |
| 5:59 | Queue | Fishing Ship |
| 6:03 | Queue | Villager (Male) |
| 6:03 | Queue | Villager (Male) |
| 6:26 | Queue | Villager (Male) |
| 6:26 | Queue | Villager (Male) |
| 6:45 | Build | House |
| 6:47 | Queue | Fishing Ship |
| 6:47 | Queue | Fishing Ship |
| 6:56 | Queue | Villager (Male) |
| 7:18 | Queue | Villager (Male) |
| 7:19 | Queue | Villager (Male) |
| 7:21 | Queue | Villager (Male) |
| 7:21 | Queue | Villager (Male) |
| 7:29 | Queue | Fishing Ship |
| 7:42 | Queue | Villager (Male) |
| 8:01 | Build | House |
| 8:02 | Queue | Villager (Male) |
| 8:03 | Queue | Villager (Male) |
| 8:07 | Queue | Fishing Ship |
| 8:17 | Build | Dock |
| 8:31 | Queue | Villager (Male) |
| 8:32 | Queue | Villager (Male) |
| 8:45 | Build | Lumber Camp |
| 8:52 | Build | House |
| 9:00 | Queue | Fishing Ship |
| 9:00 | Queue | Fishing Ship |
| 9:14 | Queue | Fishing Ship |
| 9:14 | Queue | Fishing Ship |
| 9:16 | Queue | Villager (Male) |
| 9:28 | Queue | Villager (Male) |
| 9:32 | Queue | Fishing Ship |
| 9:32 | Queue | Fishing Ship |
| 9:45 | Build | House |
| 9:46 | Queue | Villager (Male) |
| 9:56 | Queue | Fishing Ship |
| 9:57 | Queue | Fishing Ship |
| 10:04 | Queue | Fishing Ship |
| 10:05 | Queue | Fishing Ship |
| 10:13 | Queue | Villager (Male) |
| 10:24 | Queue | Fishing Ship |
| 10:26 | Queue | Villager (Male) |
| 10:45 | Queue | Fishing Ship |
| 10:53 | Build | House |
| 11:04 | Queue | Fishing Ship |
| 11:06 | Queue | Villager (Male) |
| 11:22 | Queue | Fishing Ship |
| 11:31 | Queue | Villager (Male) |
| 11:42 | Build | Mining Camp |
| 11:49 | Queue | Fishing Ship |
| 11:49 | Queue | Fishing Ship |
| 11:53 | Build | Palisade Wall |
| 12:04 | Build | Palisade Wall |
| 12:06 | Research | Feudal Age |
| 12:06 | Research | Feudal Age |
| 12:34 | Build | Mill |
| 13:18 | Build | House |
| 13:47 | Build | Palisade Wall |
| 13:48 | Build | Palisade Wall |
| 14:16 | Age | Feudal Age |
| 14:27 | Build | Blacksmith |
| 14:33 | Queue | Unit 2626 |
| 14:34 | Queue | Unit 2626 |
| 14:36 | Queue | Villager (Male) |
| 14:55 | Queue | Villager (Male) |
| 14:59 | Build | Market |
| 15:15 | Queue | Unit 2626 |
| 15:17 | Research | Double-Bit Axe |
| 15:17 | Research | Double-Bit Axe |
| 15:27 | Research | Tech 906 |
| 15:27 | Research | Tech 906 |
| 15:34 | Build | Palisade Wall |
| 15:36 | Research | Castle Age |
| 15:36 | Research | Castle Age |
| 15:54 | Queue | Unit 2626 |
| 16:00 | Build | House |
| 16:01 | Build | House |
| 16:04 | Build | House |
| 17:03 | Queue | Unit 2626 |
| 17:03 | Queue | Unit 2626 |
| 17:15 | Build | Palisade Wall |
| 17:17 | Build | Palisade Wall |
| 17:32 | Queue | Villager (Male) |
| 17:50 | Queue | Unit 2626 |
| 18:16 | Queue | Villager (Male) |
| 18:16 | Age | Castle Age |
| 18:17 | Build | Dock |
| 18:24 | Research | Gillnets |
| 18:25 | Research | War Galley (upgrade) |
| 18:25 | Research | War Galley (upgrade) |
| 18:26 | Research | Bow Saw |
| 18:26 | Research | Bow Saw |
| 18:31 | Build | Town Center |
| 18:40 | Build | Town Center |
| 18:56 | Queue | Villager (Male) |
| 19:34 | Build | Town Center |
| 19:37 | Queue | Villager (Male) |
| 19:42 | Build | House |
| 19:44 | Build | House |
| 20:06 | Build | Palisade Gate |
| 20:07 | Research | Loom |
| 20:08 | Research | Loom |
| 20:17 | Build | Lumber Camp |
| 20:19 | Queue | Villager (Male) |
| 20:20 | Queue | Villager (Male) |
| 20:35 | Build | Town Center |
| 20:37 | Queue | Villager (Male) |
| 20:40 | Queue | Villager (Male) |
| 20:46 | Queue | Villager (Male) |
| 21:09 | Queue | Unit 2626 |
| 21:09 | Queue | Unit 2626 |
| 21:13 | Queue | Villager (Male) |
| 21:20 | Queue | Villager (Male) |
| 21:23 | Queue | Unit 2626 |
| 21:23 | Queue | Unit 2626 |
| 21:25 | Queue | Villager (Male) |
| 21:26 | Queue | Villager (Male) |
| 21:29 | Queue | Villager (Male) |
| 21:29 | Queue | Villager (Male) |
| 21:30 | Build | House |
| 21:31 | Build | House |
| 21:31 | Build | House |
| 21:34 | Queue | Villager (Male) |
| 21:42 | Queue | Unit 2626 |
| 21:42 | Queue | Unit 2626 |
| 21:50 | Queue | Villager (Male) |
| 21:51 | Queue | Villager (Male) |
Build order — uniods
First 150 of 446 actions detected
| 0:02 | Build | Town Center |
| 2:18 | Build | Dock |
| 2:25 | Queue | Villager (Male) |
| 2:25 | Queue | Villager (Male) |
| 2:26 | Queue | Villager (Male) |
| 2:26 | Queue | Villager (Male) |
| 2:26 | Queue | Villager (Male) |
| 2:36 | Build | House |
| 4:03 | Queue | Villager (Male) |
| 4:03 | Queue | Villager (Male) |
| 4:04 | Queue | Villager (Male) |
| 4:21 | Queue | Fishing Ship |
| 4:22 | Queue | Fishing Ship |
| 4:28 | Queue | Villager (Male) |
| 4:29 | Queue | Villager (Male) |
| 4:55 | Queue | Villager (Male) |
| 4:56 | Queue | Villager (Male) |
| 5:19 | Queue | Villager (Male) |
| 5:19 | Queue | Villager (Male) |
| 5:22 | Build | House |
| 5:43 | Queue | Villager (Male) |
| 5:43 | Queue | Villager (Male) |
| 6:03 | Queue | Fishing Ship |
| 6:04 | Queue | Fishing Ship |
| 6:06 | Queue | Villager (Male) |
| 6:07 | Queue | Villager (Male) |
| 6:29 | Queue | Villager (Male) |
| 6:29 | Queue | Villager (Male) |
| 6:55 | Queue | Fishing Ship |
| 6:55 | Queue | Fishing Ship |
| 6:56 | Queue | Villager (Male) |
| 6:56 | Queue | Villager (Male) |
| 7:03 | Build | House |
| 7:15 | Queue | Villager (Male) |
| 7:16 | Queue | Villager (Male) |
| 7:32 | Queue | Fishing Ship |
| 7:32 | Queue | Fishing Ship |
| 7:42 | Queue | Villager (Male) |
| 7:42 | Queue | Villager (Male) |
| 7:42 | Queue | Villager (Male) |
| 7:46 | Build | House |
| 7:57 | Queue | Fishing Ship |
| 8:01 | Build | Palisade Wall |
| 8:08 | Queue | Villager (Male) |
| 8:08 | Queue | Villager (Male) |
| 8:23 | Queue | Villager (Male) |
| 8:23 | Queue | Villager (Male) |
| 8:32 | Queue | Fishing Ship |
| 8:47 | Queue | Villager (Male) |
| 8:47 | Queue | Villager (Male) |
| 9:00 | Queue | Villager (Male) |
| 9:00 | Queue | Villager (Male) |
| 9:17 | Build | Settlement |
| 9:46 | Queue | Villager (Male) |
| 9:48 | Queue | Fishing Ship |
| 9:49 | Queue | Fishing Ship |
| 10:03 | Queue | Villager (Male) |
| 10:23 | Queue | Fishing Ship |
| 10:23 | Queue | Fishing Ship |
| 10:25 | Queue | Villager (Male) |
| 10:37 | Queue | Fishing Ship |
| 10:37 | Queue | Fishing Ship |
| 11:02 | Queue | Villager (Male) |
| 11:25 | Queue | Villager (Male) |
| 11:29 | Build | Dock |
| 11:39 | Queue | Fishing Ship |
| 11:40 | Queue | Fishing Ship |
| 12:01 | Research | Feudal Age |
| 12:01 | Research | Feudal Age |
| 12:07 | Queue | Fishing Ship |
| 12:08 | Queue | Fishing Ship |
| 12:12 | Build | Palisade Wall |
| 12:22 | Queue | Fishing Ship |
| 12:22 | Queue | Fishing Ship |
| 12:49 | Queue | Fishing Ship |
| 12:50 | Queue | Fishing Ship |
| 12:50 | Queue | Fishing Ship |
| 13:27 | Build | Palisade Wall |
| 13:59 | Build | House |
| 14:11 | Age | Feudal Age |
| 14:12 | Queue | Villager (Male) |
| 14:17 | Build | Watch Tower |
| 14:25 | Research | Loom |
| 14:28 | Build | Market |
| 14:43 | Build | Blacksmith |
| 15:09 | Research | Castle Age |
| 15:09 | Research | Castle Age |
| 15:36 | Research | Fletching |
| 15:39 | Research | Double-Bit Axe |
| 15:39 | Research | Double-Bit Axe |
| 16:00 | Research | Tech 906 |
| 16:00 | Research | Tech 906 |
| 16:13 | Build | Outpost |
| 16:33 | Queue | Villager (Male) |
| 16:39 | Build | Outpost |
| 17:49 | Age | Castle Age |
| 17:54 | Queue | Villager (Male) |
| 18:04 | Build | Siege Workshop |
| 18:12 | Build | Town Center |
| 18:28 | Queue | Villager (Male) |
| 18:38 | Queue | Battering Ram |
| 18:38 | Queue | Battering Ram |
| 18:40 | Queue | Mangonel |
| 18:40 | Queue | Mangonel |
| 18:48 | Queue | Villager (Male) |
| 19:20 | Queue | Villager (Male) |
| 19:22 | Queue | Villager (Male) |
| 19:40 | Queue | Villager (Male) |
| 19:42 | Build | Town Center |
| 19:43 | Queue | Villager (Male) |
| 19:43 | Queue | Villager (Male) |
| 19:44 | Queue | Villager (Male) |
| 20:00 | Queue | Villager (Male) |
| 20:08 | Research | Town Watch |
| 20:22 | Queue | Villager (Male) |
| 20:22 | Queue | Villager (Male) |
| 20:27 | Build | Settlement |
| 20:27 | Build | Settlement |
| 20:34 | Queue | Villager (Male) |
| 20:52 | Queue | Villager (Male) |
| 20:54 | Build | Monastery |
| 21:04 | Queue | Villager (Male) |
| 21:10 | Queue | Villager (Male) |
| 21:10 | Queue | Villager (Male) |
| 21:15 | Build | Dock |
| 21:26 | Queue | Monk |
| 21:27 | Queue | Monk |
| 21:36 | Queue | Villager (Male) |
| 21:37 | Queue | Villager (Male) |
| 22:06 | Queue | Villager (Male) |
| 22:07 | Queue | Villager (Male) |
| 22:09 | Build | Town Center |
| 22:10 | Queue | Villager (Male) |
| 22:17 | Research | Horse Collar |
| 22:17 | Research | Horse Collar |
| 22:23 | Queue | Fishing Ship |
| 22:23 | Queue | Fishing Ship |
| 22:23 | Queue | Fishing Ship |
| 22:42 | Queue | Villager (Male) |
| 22:42 | Queue | Villager (Male) |
| 22:59 | Queue | Villager (Male) |
| 23:20 | Queue | Villager (Male) |
| 23:21 | Queue | Villager (Male) |
| 23:22 | Queue | Villager (Male) |
| 23:22 | Queue | Villager (Male) |
| 23:24 | Build | Farm |
| 23:24 | Build | Farm |
| 23:24 | Build | Farm |
| 23:25 | Build | Farm |
| 23:25 | Build | Farm |
Build order — MoJRiM
First 150 of 209 actions detected
| 0:14 | Build | Town Center |
| 1:11 | Build | Dock |
| 1:13 | Build | House |
| 2:27 | Queue | Villager (Male) |
| 2:28 | Queue | Villager (Male) |
| 2:28 | Queue | Villager (Male) |
| 2:28 | Queue | Villager (Male) |
| 2:28 | Queue | Villager (Male) |
| 3:27 | Queue | Fishing Ship |
| 3:27 | Queue | Fishing Ship |
| 4:04 | Build | House |
| 4:10 | Queue | Villager (Male) |
| 4:10 | Queue | Villager (Male) |
| 4:33 | Queue | Villager (Male) |
| 4:57 | Queue | Villager (Male) |
| 5:15 | Queue | Fishing Ship |
| 5:15 | Queue | Fishing Ship |
| 5:27 | Queue | Villager (Male) |
| 5:28 | Queue | Villager (Male) |
| 5:36 | Build | House |
| 5:46 | Queue | Villager (Male) |
| 6:10 | Queue | Fishing Ship |
| 6:11 | Queue | Fishing Ship |
| 6:14 | Queue | Villager (Male) |
| 6:38 | Queue | Villager (Male) |
| 6:38 | Queue | Villager (Male) |
| 6:42 | Build | House |
| 6:50 | Queue | Fishing Ship |
| 6:50 | Queue | Fishing Ship |
| 7:06 | Queue | Villager (Male) |
| 7:18 | Queue | Villager (Male) |
| 7:18 | Queue | Villager (Male) |
| 7:33 | Queue | Fishing Ship |
| 7:51 | Queue | Villager (Male) |
| 8:03 | Queue | Villager (Male) |
| 8:04 | Queue | Villager (Male) |
| 8:12 | Build | House |
| 8:19 | Queue | Fishing Ship |
| 8:49 | Queue | Villager (Male) |
| 8:49 | Queue | Villager (Male) |
| 9:00 | Queue | Fishing Ship |
| 9:26 | Queue | Villager (Male) |
| 9:49 | Queue | Villager (Male) |
| 9:53 | Queue | Fishing Ship |
| 10:16 | Build | Mill |
| 10:22 | Research | Loom |
| 10:55 | Research | Feudal Age |
| 10:55 | Research | Feudal Age |
| 11:03 | Build | Lumber Camp |
| 11:38 | Queue | Villager (Male) |
| 12:17 | Build | House |
| 12:18 | Build | House |
| 12:28 | Build | Mining Camp |
| 13:05 | Age | Feudal Age |
| 13:07 | Build | Watch Tower |
| 13:16 | Build | Mining Camp |
| 13:17 | Research | Double-Bit Axe |
| 13:17 | Research | Double-Bit Axe |
| 13:20 | Queue | Villager (Male) |
| 13:20 | Queue | Villager (Male) |
| 14:16 | Build | Market |
| 14:20 | Queue | Villager (Male) |
| 14:38 | Queue | Villager (Male) |
| 14:46 | Build | Blacksmith |
| 14:55 | Build | Blacksmith |
| 15:00 | Build | House |
| 15:01 | Build | Palisade Wall |
| 15:37 | Research | Castle Age |
| 15:37 | Research | Castle Age |
| 15:44 | Build | Barracks |
| 15:56 | Build | Palisade Wall |
| 15:57 | Build | Palisade Wall |
| 15:58 | Build | Palisade Wall |
| 16:02 | Build | Palisade Wall |
| 16:03 | Build | Palisade Wall |
| 16:06 | Build | Palisade Wall |
| 16:20 | Build | Palisade Wall |
| 16:21 | Build | Palisade Wall |
| 16:42 | Research | Fletching |
| 17:18 | Queue | Villager (Male) |
| 17:52 | Queue | Villager (Male) |
| 18:03 | Build | Farm |
| 18:08 | Build | Farm |
| 18:13 | Build | Stable |
| 18:13 | Queue | Spearman |
| 18:17 | Age | Castle Age |
| 18:28 | Build | Siege Workshop |
| 18:54 | Queue | Villager (Male) |
| 19:10 | Queue | Camel Scout |
| 19:12 | Queue | Villager (Male) |
| 19:17 | Queue | Villager (Male) |
| 19:30 | Queue | Mangonel |
| 20:05 | Queue | Villager (Male) |
| 20:09 | Queue | Camel Scout |
| 20:12 | Build | House |
| 20:14 | Build | House |
| 20:38 | Queue | Galley |
| 21:11 | Research | Wheelbarrow |
| 21:11 | Research | Wheelbarrow |
| 21:23 | Queue | Camel Scout |
| 22:16 | Build | Palisade Wall |
| 22:19 | Build | Palisade Gate |
| 22:52 | Build | Town Center |
| 23:30 | Queue | Villager (Male) |
| 23:30 | Queue | Villager (Male) |
| 23:31 | Queue | Villager (Male) |
| 24:01 | Build | Lumber Camp |
| 24:23 | Queue | Villager (Male) |
| 24:26 | Research | Bow Saw |
| 24:41 | Build | Mill |
| 24:49 | Queue | Villager (Male) |
| 25:03 | Build | Fish Trap |
| 25:08 | Build | Fish Trap |
| 25:22 | Research | Tech 906 |
| 25:27 | Research | Horse Collar |
| 25:33 | Queue | Villager (Male) |
| 25:48 | Build | Farm |
| 25:50 | Build | Farm |
| 25:52 | Build | Farm |
| 25:59 | Build | Farm |
| 26:05 | Build | Farm |
| 26:30 | Queue | Villager (Male) |
| 26:30 | Queue | Villager (Male) |
| 26:37 | Build | Farm |
| 26:38 | Build | Farm |
| 26:41 | Build | Farm |
| 26:44 | Build | Farm |
| 26:48 | Build | Farm |
| 26:50 | Build | Farm |
| 26:53 | Queue | Villager (Male) |
| 27:09 | Queue | Villager (Male) |
| 27:12 | Build | Fish Trap |
| 27:19 | Queue | Fishing Ship |
| 27:35 | Queue | Villager (Male) |
| 27:48 | Queue | Villager (Male) |
| 27:49 | Queue | Villager (Male) |
| 28:12 | Queue | Villager (Male) |
| 28:18 | Build | Town Center |
| 28:34 | Build | Outpost |
| 28:36 | Research | Town Watch |
| 28:36 | Research | Town Watch |
| 28:43 | Research | Wheelbarrow |
| 29:08 | Queue | Villager (Male) |
| 29:12 | Build | Market |
| 29:19 | Queue | Villager (Male) |
| 29:30 | Build | Palisade Wall |
| 29:32 | Build | Palisade Wall |
| 29:34 | Build | Palisade Wall |
| 29:39 | Queue | Villager (Male) |
| 29:49 | Queue | Villager (Male) |
Match timeline
| 0:30 | TAG_Sitaux · first_building Dock |
| 0:42 | Hui · first_building Dock |
| 0:48 | TheFaceless23 · first_building Dock |
| 0:52 | TheFaceless23 · wall_segment Palisade Wall x1 |
| 1:06 | TheFaceless23 · wall_segment Palisade Wall x1 |
| 1:07 | FalconElPardal · first_building Dock |
| 1:07 | 虎蹲压制大脑喷气代替思考敌人不倒我倒 · first_building Dock |
| 1:08 | TheFaceless23 · wall_segment Palisade Wall x1 |
| 1:11 | MoJRiM · first_building Dock |
| 1:31 | Vico · first_building Dock |
| 2:18 | uniods · first_building Dock |
| 8:01 | uniods · wall_segment Palisade Wall x1 |
| 10:37 | Vico · wall_segment Palisade Wall x1 |
| 10:38 | Vico · wall_segment Palisade Wall x1 |
| 10:39 | Vico · wall_segment Palisade Wall x3 |
| 11:17 | 虎蹲压制大脑喷气代替思考敌人不倒我倒 · first_building Barracks |
| 11:48 | Hui · age_up feudal |
| 11:49 | FalconElPardal · wall_segment Palisade Wall x3 |
| 11:50 | FalconElPardal · wall_segment Palisade Wall x1 |
| 11:53 | TAG_Sitaux · wall_segment Palisade Wall x1 |
| 11:54 | FalconElPardal · wall_segment Palisade Wall x8 |
| 12:04 | TAG_Sitaux · wall_segment Palisade Wall x1 |
| 12:12 | uniods · wall_segment Palisade Wall x1 |
| 12:54 | 虎蹲压制大脑喷气代替思考敌人不倒我倒 · age_up feudal |
| 12:56 | 虎蹲压制大脑喷气代替思考敌人不倒我倒 · first_building Stable |
| 13:00 | TheFaceless23 · age_up feudal |
| 13:05 | MoJRiM · age_up feudal |
| 13:20 | FalconElPardal · wall_segment Palisade Wall x10 |
| 13:27 | uniods · wall_segment Palisade Wall x9 |
| 13:47 | TAG_Sitaux · wall_segment Palisade Wall x1 |
| 13:48 | TAG_Sitaux · wall_segment Palisade Wall x4 |
| 14:00 | FalconElPardal · age_up feudal |
| 14:05 | Vico · age_up feudal |
| 14:11 | uniods · age_up feudal |
| 14:16 | TAG_Sitaux · age_up feudal |
| 14:40 | Hui · wall_segment Palisade Wall x7 |
| 14:41 | Vico · wall_segment Palisade Wall x4 |
| 14:47 | Vico · wall_segment Palisade Wall x5 |
| 14:59 | Vico · first_market_sell 100 wood |
| 15:01 | MoJRiM · wall_segment Palisade Wall x1 |
| 15:20 | TheFaceless23 · first_market_sell 100 stone |
| 15:20 | TheFaceless23 · first_market_buy 100 food |
| 15:33 | FalconElPardal · first_market_buy 100 wood |
| 15:34 | TAG_Sitaux · wall_segment Palisade Wall x15 |
| 15:35 | uniods · first_market_sell 100 food |
| 15:44 | MoJRiM · first_building Barracks |
| 15:56 | MoJRiM · wall_segment Palisade Wall x1 |
| 15:57 | MoJRiM · wall_segment Palisade Wall x1 |
| 15:58 | MoJRiM · wall_segment Palisade Wall x1 |
| 16:02 | MoJRiM · wall_segment Palisade Wall x1 |
| 16:03 | MoJRiM · wall_segment Palisade Wall x1 |
| 16:06 | MoJRiM · wall_segment Palisade Wall x1 |
| 16:09 | Hui · wall_segment Palisade Wall x6 |
| 16:20 | MoJRiM · wall_segment Palisade Wall x1 |
| 16:21 | MoJRiM · wall_segment Palisade Wall x1 |
| 16:21 | Vico · wall_segment Palisade Wall x1 |
| 16:27 | Vico · wall_segment Palisade Wall x1 |
| 16:32 | TheFaceless23 · first_building Barracks |
| 16:43 | 虎蹲压制大脑喷气代替思考敌人不倒我倒 · age_up castle |
| 16:47 | FalconElPardal · wall_segment Palisade Wall x6 |
| 16:50 | FalconElPardal · wall_segment Palisade Wall x5 |
| 16:51 | uniods · first_market_buy 100 stone |
| 17:12 | 虎蹲压制大脑喷气代替思考敌人不倒我倒 · first_building Siege Workshop |
| 17:15 | TAG_Sitaux · wall_segment Palisade Wall x1 |
| 17:17 | TAG_Sitaux · wall_segment Palisade Wall x1 |
| 17:18 | Hui · wall_segment Palisade Wall x15 |
| 17:49 | uniods · age_up castle |
| 17:55 | Vico · age_up castle |
| 17:56 | Vico · first_building Siege Workshop |
| 18:04 | uniods · first_building Siege Workshop |
| 18:09 | TheFaceless23 · age_up castle |
| 18:13 | MoJRiM · first_building Stable |
| 18:16 | TAG_Sitaux · age_up castle |
| 18:17 | MoJRiM · age_up castle |
| 18:20 | FalconElPardal · age_up castle |
| 18:23 | FalconElPardal · first_building Castle |
| 18:28 | MoJRiM · first_building Siege Workshop |
| 18:45 | TheFaceless23 · first_building Siege Workshop |
| 18:53 | Vico · first_building Barracks |
| 19:05 | FalconElPardal · first_market_sell 100 food |
| 19:28 | TAG_Sitaux · first_market_buy 100 stone |
| 19:31 | Hui · wall_segment Stone Wall x1 |
| 19:35 | TAG_Sitaux · first_market_sell 100 food |
| 19:53 | 虎蹲压制大脑喷气代替思考敌人不倒我倒 · first_building Monastery |
| 20:22 | Vico · first_building Archery Range |
| 20:54 | uniods · first_building Monastery |
| 21:11 | Hui · age_up castle |
| 21:14 | Hui · wall_segment Stone Wall x9 |
| 21:18 | Hui · first_market_buy 100 stone |
| 21:24 | Hui · first_building Castle |
| 21:51 | FalconElPardal · wall_segment Stone Wall x6 |
| 22:16 | MoJRiM · wall_segment Palisade Wall x1 |
| 22:37 | TAG_Sitaux · first_building Monastery |
| 22:42 | Hui · first_building Siege Workshop |
| 22:50 | TAG_Sitaux · tribute_sent a jugador 1 |
| 22:50 | TAG_Sitaux · tribute_sent a jugador 2 |
| 22:50 | TAG_Sitaux · tribute_sent a jugador 3 |
| 22:50 | TAG_Sitaux · tribute_sent a jugador 4 |
| 22:50 | TAG_Sitaux · tribute_sent a jugador 5 |
| 22:50 | TAG_Sitaux · tribute_sent a jugador 7 |
| 22:50 | TAG_Sitaux · tribute_sent a jugador 8 |
| 22:53 | TheFaceless23 · first_building Monastery |
| 23:49 | FalconElPardal · first_building Monastery |
| 24:17 | Vico · first_market_buy 100 wood |
| 24:17 | TAG_Sitaux · first_building Siege Workshop |
| 25:22 | Hui · first_building Barracks |
| 25:33 | TAG_Sitaux · first_building Castle |
| 27:43 | FalconElPardal · first_building Siege Workshop |
| 28:22 | TheFaceless23 · first_building Castle |
| 29:16 | uniods · first_building Barracks |
| 29:18 | 虎蹲压制大脑喷气代替思考敌人不倒我倒 · wall_segment Stone Wall x5 |
| 29:30 | MoJRiM · wall_segment Palisade Wall x1 |
| 29:32 | MoJRiM · wall_segment Palisade Wall x1 |
| 29:34 | MoJRiM · wall_segment Palisade Wall x1 |
| 30:02 | MoJRiM · wall_segment Palisade Wall x1 |
| 30:04 | MoJRiM · wall_segment Palisade Wall x1 |
| 30:05 | MoJRiM · wall_segment Palisade Wall x1 |
| 30:07 | MoJRiM · wall_segment Palisade Wall x1 |
| 30:16 | 虎蹲压制大脑喷气代替思考敌人不倒我倒 · wall_segment Stone Wall x9 |
| 30:48 | uniods · first_building Castle |
| 31:01 | MoJRiM · first_building Monastery |
| 31:26 | MoJRiM · first_market_buy 100 stone |
| 31:57 | 虎蹲压制大脑喷气代替思考敌人不倒我倒 · first_market_buy 100 stone |
| 32:01 | 虎蹲压制大脑喷气代替思考敌人不倒我倒 · first_building Castle |
| 32:08 | uniods · age_up imperial |
| 33:29 | uniods · wall_segment Stone Wall x17 |
| 33:30 | uniods · wall_segment Stone Wall x14 |
| 35:17 | Hui · first_market_sell 100 wood |
| 35:33 | TAG_Sitaux · age_up imperial |
| 35:46 | FalconElPardal · first_building Barracks |
| 35:55 | MoJRiM · first_market_sell 100 wood |
| 36:20 | FalconElPardal · age_up imperial |
| 36:39 | TAG_Sitaux · first_building Barracks |
| 36:47 | TheFaceless23 · age_up imperial |
| 36:55 | Hui · first_building Stable |
| 37:09 | Hui · wall_segment Stone Wall x12 |
| 37:25 | uniods · first_building Archery Range |
| 37:31 | TAG_Sitaux · resign |
[ AI ANALYSIS · 1 CREDIT ]
What really happened in this match?
Wolo.gg analyzes every decision: build order, eco, micro, common mistakes by bracket. Personalized analysis on WhatsApp or Discord in 30 seconds.
Civ guide
Gurjaras
Perfil
Jugador #1369705